 Dungeon Crawl Stone Soup version 0.20.1-1-g8b1a95d (webtiles) character file.

81853 vatarom the Fighter (level 15, 0/120 HPs)
             Began as a Demonspawn Transmuter on Oct 11, 2017.
             Was the Champion of Dithmenos.
             Slain by an orc warrior
             ... wielding a +0 mace
              (13 damage)
             ... on level 2 of the Orcish Mines.
             The game lasted 01:01:13 (22855 turns).

vatarom the Fighter (Demonspawn Transmuter)        Turns: 22855, Time: 01:01:14

Health: 0/120      AC: 13    Str: 19    XL:     15   Next: 27%
Magic:  0/27       EV: 18    Int: 16    God:    Dithmenos [******]
Gold:   2274       SH:  0    Dex: 22    Spells: 11/31 levels left

rFire    + + .     SeeInvis +     - Unarmed
rCold    . . .     Gourm    .   (shield currently unavailable)
rNeg     . . .     Faith    .   x - +2 leather armour {rPois}
rPois    +         Spirit   +   (helmet restricted)
rElec    +         Reflect  .   s - +1 cloak
rCorr    .         Harm     .   (gloves currently unavailable)
MR       .....                  y - +0 pair of boots "Sas Xayck" {Dex+6}
Stlth    +++.......             K - amulet of magic regeneration
Regen    0.3/turn               q - ring of protection from fire
MPRegen  0.3/turn               v - ring of the Ancients {+Fly MR- Str+6 Slay+3 SInv}

@: blade hands, wreathed by umbra
A: antennae 2, thin metallic scales 3, demonic guardian 2, fire resistance 1,
electricity resistance, wild magic 1, magic shield
a: End Transformation, Shadow Step, Shadow Form, Renounce Religion, Evoke Flight


You were on level 2 of the Orcish Mines.
You worshipped Dithmenos.
Dithmenos was exalted by your worship.
You were not hungry.
You had blades for hands.
You visited 4 branches of the dungeon, and saw 23 of its levels.
You also visited: Labyrinth, Bailey and Ice Cave.

You collected 2401 gold pieces.
You spent 127 gold pieces at shops.

Inventory:

Missiles
 a - 460 arrows
Armour
 s - a +1 cloak (worn)
 x - a +2 leather armour of poison resistance (worn)
 y - the +0 pair of boots "Sas Xayck" (worn) {Dex+6}
   (You found it on level 5 of the Dungeon)

   It affects your dexterity (+6).
 F - a +1 pair of gloves (melded)
Jewellery
 o - an uncursed ring of magical power
 q - a ring of protection from fire (left scythe-like blade)
 v - the ring of the Ancients (right scythe-like blade) {+Fly MR- Str+6 Slay+3 SInv}
   (You acquired it on level 9 of the Dungeon)

   [ring of strength]

   It affects your strength (+6).
   It affects your accuracy and damage with ranged weapons and melee attacks
   (+3).
   It affects your resistance to hostile enchantments.
   It lets you see invisible.
   It lets you fly.
 K - an amulet of magic regeneration (around neck)
 Q - an uncursed ring of resist corrosion
Wands
 b - a wand of polymorph (11/24)
 d - a wand of acid (1/15)
 g - a wand of confusion (27/48)
 j - a wand of iceblast (10/15)
 u - a wand of polymorph (6/24)
 E - a wand of iceblast (6/15)
 G - a wand of disintegration (9/24)
 I - a wand of scattershot (6/9)
 M - a wand of confusion (18/48)
 N - a wand of enslavement (5/24)
Scrolls
 e - 6 scrolls of teleportation
 h - 4 scrolls of magic mapping
 l - 5 scrolls of amnesia
 m - 2 scrolls of fog
 n - 16 scrolls of remove curse
 p - a scroll of blinking
 t - 3 scrolls of identify
 D - 3 scrolls of fear
 H - a scroll of summoning
 L - 5 scrolls of enchant armour
 O - 3 scrolls of enchant weapon
 P - 3 scrolls of recharging
Potions
 f - 4 potions of cancellation
 k - 8 potions of curing
 z - 4 potions of lignification
 A - 2 potions of agility
 B - 5 potions of might
 C - a potion of flight
 J - a potion of berserk rage
Comestibles
 c - 5 meat rations
 i - 20 royal jellies
 r - 14 fruits
 w - 11 bread rations
 R - 9 chunks of flesh


   Skills:
 * Level 11.8 Fighting
 - Level 6.1 Armour
 + Level 7.7 Dodging
 - Level 0.2 Stealth
 + Level 10.6 Unarmed Combat
 + Level 8.8 Spellcasting
 * Level 11.2 Transmutations
 * Level 8.9 Earth Magic
 + Level 11.6 Invocations


You had 11 spell levels left.
You knew the following spells:

 Your Spells              Type           Power        Failure   Level  Hunger
b - Sticks to Snakes      Tmut           ######..     13%         2    None
c - Spider Form           Tmut/Pois      ####......   36%         3    #......
d - Ice Form              Ice/Tmut       ####....     58%         4    ###....
e - Blade Hands           Tmut           ######....   34%         5    #####..
f - Statue Form           Tmut/Erth      ######...    78%         6    ######.


Dungeon Overview and Level Annotations

Branches:
Dungeon (14/15)            Temple (1/1) D:6            Lair (6/6) D:8
 Shoals (0/4) Lair:4       Spider (0/4) Lair:3        Slime (0/5) Lair:6
    Orc (2/2) D:9             Elf (0/3) Orc:2        Vaults (0/5) D:13

Altars:
Ashenzari
Cheibriados
Dithmenos
Elyvilon
Fedhas
Gozag
Hepliaklqana
Kikubaaqudgha
Makhleb
Nemelex Xobeh
Okawaru
Qazlal
Ru
Sif Muna
Trog
Uskayaw
Vehumet
Xom
Yredelemnul
Zin
The Shining One
Beogh
Jiyva

Shops:
D:4 [

Portals:
Trove: D:14 (give 3 potions of resistance)

Annotations:
Orc:2 p0werm0de's ghost, journeyman DsBe


Innate Abilities, Weirdness & Mutations

You have a pair of antennae on your head.
You are completely covered in thin metallic scales. (AC +4, rElec)
A demonic guardian rushes to your aid.
When hurt, damage is shared between your health and your magic reserves.
Your flesh is heat resistant. (rF+)
You are resistant to electric shocks. (rElec)
Your spells are a little harder to cast, but a little more powerful.


Message History

You completely miss p0werm0de's ghost.
P0werm0de's ghost is moderately damaged.
Your shadow barely misses p0werm0de's ghost.
The orc warrior hits you with a long sword!
The orc warrior hits you with a mace!!
You emit a cloud of dark smoke.
The orc priest completely misses you. P0werm0de's ghost closely misses you.
Unknown command.
You slash p0werm0de's ghost!
P0werm0de's ghost is heavily damaged.
Your soul eater hits p0werm0de's ghost but does no damage.
Unknown command.
You fail to use your ability.
P0werm0de's ghost hits you!!
* * * LOW HITPOINT WARNING * * *
You emit a cloud of dark smoke.
The orc priest misses you.
The orc priest mumbles some strange prayers to Beogh against you.
Beogh smites you!
* * * LOW HITPOINT WARNING * * *
Your soul eater barely misses p0werm0de's ghost.
The orc warrior barely misses you. The orc warrior hits you with a mace!
You die...

##.. ... ..
##.... .. ..#
#.#...... .#...
........###.#..
#.......#....##..
#......oo§o..#..
##....§oooo.....
##.....§o@W§....#
#.....)§§§3§.....
#...#.§§.§§§...#
## ###........#
##.#.).......
##..#.........
##.......#....$
##.#......#.....
##........## .#..


You could see an orc knight, 2 orc warriors, 2 orc priests, an orc wizard,
p0werm0de's ghost, 2 orcs and a friendly soul eater.

Vanquished Creatures
  A storm dragon (D:13)
  A stone giant (Orc:1)
  Azrael (D:12)
  The ghost of manyhoops the Basher, a journeyman DgAE (Lair:4)
  A minotaur (Lab)
  A yaktaur captain (D:14)
  Josephine (D:12)
  3 fire dragons
  Harold (D:11)
  A rakshasa (D:13)
  7 hydras
  2 centaur warriors
  6 two-headed ogres
  The ghost of vatarom the Summoner, a novice DsSu of Cheibriados (D:11)
  Nergalle (D:11)
  A deep elf knight (D:13)
  A swamp dragon (Lair:6)
  An unseen horror (D:13)
  A deep elf archer (D:13)
  The ghost of raikaria the Magician, a novice DrSu (D:7)
  2 orc knights
  5 ugly things
  4 deep elf magi
  A wolf spider zombie (D:13)
  2 cyclopes
  11 elephants (Lair:6)
  5 black mambas
  7 torpor snails
  A water nymph (shapeshifter) (D:13)
  8 spiny frogs
  2 gargoyles
  6 kobold demonologists
  4 yaktaurs (D:13)
  5 komodo dragons
  5 rime drakes
  A tengu conjurer (D:14)
  2 polar bears (Lair:5)
  3 trolls
  A jumping spider (Lair:3)
  4 tyrant leeches (Lair:6)
  Grinder (D:4)
  5 blink frogs (Lair:1)
  9 hippogriffs
  5 dream sheep
  7 hornets
  4 slime creatures
  A redback (Lair:3)
  3 shadows
  A meliai zombie (D:12)
  2 wyverns (D:12)
  A vampire (D:11)
  A spriggan (Lair:5)
  Eustachio (D:4)
  32 yaks
  2 wraiths (D:12)
  2 steam dragons
  5 fire elementals (D:12)
  5 vampire mosquitoes
  5 hungry ghosts
  5 basilisks
  5 insubstantial wisps
  2 acid dragons (Lair:6)
  A soldier ant (D:13)
  A swamp drake (Lair:3)
  3 hell hounds (D:12)
  13 water moccasins
  7 porcupines
  16 orc warriors
  10 ice beasts
  3 black bears
  6 sky beasts
  An eye of draining (shapeshifter) (D:13)
  3 phantoms
  6 ogres
  12 wolves
  10 centaurs
  12 crocodiles
  2 big kobolds
  A gnoll sergeant (D:9)
  14 bullfrogs
  An earth elemental (Lab)
  2 wyvern skeletons
  7 scorpions
  8 killer bees
  7 electric eels
  4 wights (D:9)
  A howler monkey (D:12)
  5 crimson imps
  3 centaur zombies
  2 quasits
  8 hounds
  17 jellies
  18 orc priests
  25 orc wizards
  3 bullfrog skeletons
  A bullfrog zombie (D:8)
  2 centaur skeletons
  6 iguanas
  6 worker ants
  A howler monkey skeleton (D:4)
  6 adders
  21 gnolls
  4 shadow imps
  19 oozes
  4 worms
  3 dart slugs
  5 leopard geckos
  85 orcs
  2 ball pythons
  6 giant cockroaches
  11 goblins
  11 hobgoblins
  5 jackals
  12 kobolds
  A quokka (D:11)
  6 bats
  4 frilled lizards
  A jackal skeleton (D:6)
  A leopard gecko zombie (D:9)
  2 quokka skeletons
  2 rats (D:2)
  2 plants (Lair:6)
678 creatures vanquished.

Vanquished Creatures (collateral kills)
  A dire elephant (Lair:5)
  Snorg (D:11)
  An ogre mage (D:13)
  3 hydras
  A two-headed ogre (D:13)
  A lindwurm (Lair:6)
  A deep elf mage (D:13)
  4 ugly things
  3 elephants (Lair:6)
  A spiny frog (Lair:6)
  2 komodo dragons
  A slime creature (D:6)
  3 dream sheep (Lair:3)
  2 hippogriffs
  A wraith (D:12)
  9 yaks
  2 basilisks
  A vampire mosquito (Lair:3)
  An acid dragon (Lair:6)
  A water moccasin (Lair:6)
  2 orc warriors
  An ice beast (IceCv)
  A wolf (Lair:4)
  3 ogres
  2 crocodiles
  A bullfrog (D:13)
  A howler monkey (D:5)
  3 orc priests
  2 centaur skeletons
  3 orc wizards
  3 oozes (D:6)
  A worm (D:2)
  12 orcs
  2 goblins (Bailey)
  A hobgoblin (Bailey)
  4 kobolds
  A plant (Lair:4)
83 creatures vanquished.

Vanquished Creatures (others)
  An orc warrior (D:13)
  An orc (D:11)
  6 fungi
  18 plants
26 creatures vanquished.

Grand Total: 787 creatures vanquished

Notes
Turn   | Place    | Note
-------+----------+-------------------------------------------
     0 | D:1      | vatarom the Demonspawn Transmuter began the quest for the Orb.
     0 | D:1      | Reached XP level 1. HP: 15/15 MP: 3/3
   608 | D:1      | Gained mutation: You are partially covered in thin metallic scales. (AC +2) [demonic ancestry]
   608 | D:1      | Reached XP level 2. HP: 18/21 MP: 3/5
   612 | D:1      | Learned a level 2 spell: Sticks to Snakes
  1278 | D:2      | Found a hazy altar of Hepliaklqana.
  1371 | D:2      | Gained mutation: You have a pair of small antennae on your head. [demonic ancestry]
  1371 | D:2      | Reached XP level 3. HP: 26/26 MP: 4/6
  1376 | D:2      | Learned a level 3 spell: Spider Form
  2368 | D:3      | Reached XP level 4. HP: 29/33 MP: 5/7
  2398 | D:3      | Found a glowing golden altar of the Shining One.
  2949 | D:4      | Noticed Grinder
  3127 | D:4      | Noticed Eustachio
  3151 | D:4      | Killed Eustachio
  3151 | D:4      | Gained mutation: When hurt, damage is shared between your health and your magic reserves. [demonic ancestry]
  3151 | D:4      | Reached XP level 5. HP: 33/39 MP: 6/9
  3167 | D:4      | Noticed an ice beast
  3183 | D:4      | Killed an ice beast
  3183 | D:4      | Reached XP level 6. HP: 27/46 MP: 1/10
  3250 | D:4      | Killed Grinder
  3250 | D:4      | Gained mutation: A weak demonic guardian rushes to your aid. [demonic ancestry]
  3250 | D:4      | Reached XP level 7. HP: 35/52 MP: 4/12
  3347 | D:4      | Found a shadowy altar of Dithmenos.
  3381 | D:4      | Became a worshipper of Dithmenos the Shadowed
  3420 | D:4      | Found Zanli's Antique Armour Shoppe.
  3447 | D:4      | Bought an embroidered cloak for 127 gold pieces
  3681 | D:4      | Reached skill level 5 in Unarmed Combat
  3748 | D:5      | Entered Level 5 of the Dungeon
  3827 | D:5      | Got a pair of faintly humming boots
  3853 | D:5      | Gained mutation: You are mostly covered in thin metallic scales. (AC +3) [demonic ancestry]
  3853 | D:5      | Reached XP level 8. HP: 59/59 MP: 6/14
  3871 | D:5      | Learned a level 4 spell: Ice Form
  4027 | D:5      | Found a shattered altar of Ashenzari.
  4092 | D:5      | Reached * piety under Dithmenos
  4178 | D:5      | Learned a level 5 spell: Blade Hands
  4591 | D:6      | Identified the cursed +0 pair of boots "Sas Xayck" {Dex+6} (You found it on level 5 of the Dungeon)
  4608 | D:6      | Noticed a slime creature
  4628 | D:6      | Killed a slime creature
  4645 | D:6      | Reached ** piety under Dithmenos
  4957 | D:6      | Found a staircase to the Ecumenical Temple.
  5008 | Temple   | Entered the Ecumenical Temple
  5151 | D:6      | Reached skill level 1 in Invocations
  5319 | D:7      | Noticed a hippogriff
  5331 | D:7      | Killed a hippogriff
  5444 | D:7      | Gained mutation: You are completely covered in thin metallic scales. (AC +4, rElec) [demonic ancestry]
  5444 | D:7      | Reached XP level 9. HP: 39/66 MP: 9/15
  5541 | D:7      | Reached skill level 5 in Transmutations
  5588 | D:7      | Noticed raikaria's ghost (novice DrSu)
  5657 | D:7      | Killed raikaria's ghost
  5657 | D:7      | Reached skill level 1 in Armour
  5892 | D:7      | Reached skill level 5 in Fighting
  5996 | D:7      | Found a blossoming altar of Fedhas.
  6113 | D:7      | Reached *** piety under Dithmenos
  6459 | D:8      | Reached skill level 5 in Spellcasting
  6491 | D:8      | Found a staircase to the Lair.
  6548 | D:8      | Found a flagged portal.
  6561 | Bailey   | Entered a bailey
  6583 | Bailey   | Gained mutation: You have a pair of antennae on your head. [demonic ancestry]
  6583 | Bailey   | Reached XP level 10. HP: 74/74 MP: 17/17
  6591 | Bailey   | Noticed an orc knight
  6627 | Bailey   | Killed an orc knight
  6627 | Bailey   | Reached skill level 5 in Invocations
  6628 | Bailey   | Reached **** piety under Dithmenos
  6743 | Bailey   | Found an iron altar of Okawaru.
  7360 | D:8      | Found an iron altar of Okawaru.
  8060 | D:9      | Noticed a two-headed ogre
  8114 | D:9      | Killed a two-headed ogre
  8114 | D:9      | Reached skill level 5 in Armour
  8177 | D:9      | Got an ancient ivory ring
  8179 | D:9      | Identified the ring of the Ancients {+Fly MR- Str+6 Slay+3 SInv} (You acquired it on level 9 of the Dungeon)
  8336 | D:9      | Reached ***** piety under Dithmenos
  8524 | D:9      | Reached XP level 11. HP: 81/81 MP: 17/19
  8760 | Lair:1   | Entered Level 1 of the Lair of Beasts
  8844 | Lair:1   | Found a labyrinth entrance.
  8858 | Lab      | Entered a labyrinth
  9134 | Lab      | Noticed a minotaur
  9140 | Lab      | Killed a minotaur
  9146 | Lab      | Got a glittering pewter ring
  9180 | Lab      | Identified the ring "Ohaetz" {Str+2 Stlth-} (You found it in a labyrinth)
  9223 | Lair:1   | Got a dazzling cloak
  9234 | Lair:1   | Identified the cursed +0 cloak of the Wary Gods {-Cast rC+ rN+ Int+5} (You found it on level 1 of the Lair of Beasts)
  9380 | Lair:1   | Learned a level 6 spell: Statue Form
  9419 | Lair:1   | Noticed a seven-headed hydra
  9434 | Lair:1   | Killed a seven-headed hydra
  9434 | Lair:1   | Reached skill level 1 in Earth Magic
  9966 | Lair:2   | Noticed a seven-headed hydra
  9975 | Lair:2   | Killed a seven-headed hydra
  9977 | Lair:2   | Reached skill level 5 in Dodging
 10061 | Lair:2   | Gained mutation: Your spells are a little harder to cast, but a little more powerful. [potion of mutation]
 10061 | Lair:2   | Gained mutation: You are resistant to electric shocks. (rElec) [potion of mutation]
 10061 | Lair:2   | Gained mutation: Your flesh is heat resistant. (rF+) [potion of mutation]
 10975 | Lair:3   | Gained mutation: A demonic guardian rushes to your aid. [demonic ancestry]
 10975 | Lair:3   | Reached XP level 12. HP: 63/91 MP: 11/22
 11270 | Lair:3   | Found a hole to the Spider Nest.
 11877 | Lair:4   | Noticed manyhoops's ghost (journeyman DgAE)
 11890 | Lair:4   | Killed manyhoops's ghost
 12572 | Lair:4   | Found a staircase to the Shoals.
 13019 | Lair:5   | Reached ****** piety under Dithmenos
 13642 | Lair:5   | Noticed a dire elephant
 13647 | Lair:5   | Reached skill level 5 in Earth Magic
 13993 | Lair:5   | Killed a dire elephant
 13993 | Lair:5   | Reached XP level 13. HP: 101/101 MP: 24/24
 14063 | Lair:6   | Entered Level 6 of the Lair of Beasts
 14335 | Lair:6   | Found a staircase to the Slime Pits.
 14336 | Lair:6   | Found a viscous altar of Jiyva.
 14485 | Lair:6   | Found a runed door.
 14960 | Lair:6   | Reached skill level 10 in Fighting
 15070 | Lair:6   | Noticed a fire dragon
 15085 | Lair:6   | Killed a fire dragon
 15331 | Lair:6   | Paralysed by a hornet for 2 turns
 15410 | Lair:6   | Reached skill level 10 in Invocations
 15911 | Lair:6   | Noticed a fire dragon
 15917 | Lair:6   | Killed a fire dragon
 16143 | D:9      | Found a roughly hewn altar of Beogh.
 16143 | D:9      | Found a staircase to the Orcish Mines.
 16389 | D:10     | Entered Level 10 of the Dungeon
 16825 | D:10     | Found a runed door.
 16855 | D:10     | Reached skill level 10 in Transmutations
 16950 | D:10     | Reached skill level 10 in Unarmed Combat
 17253 | D:11     | Reached XP level 14. HP: 111/111 MP: 17/26
 17299 | D:11     | Noticed Nergalle
 17312 | D:11     | Killed Nergalle
 17404 | D:11     | Noticed Harold
 17409 | D:11     | Killed Harold
 17422 | D:11     | Noticed vatarom's ghost (novice DsSu)
 17425 | D:11     | Killed vatarom's ghost
 17445 | D:11     | Noticed Snorg
 17770 | D:11     | Killed Snorg
 18692 | D:12     | Noticed Josephine
 18719 | D:12     | Killed Josephine
 18887 | D:12     | Noticed Azrael
 19175 | D:12     | Killed Azrael
 19546 | D:13     | Found a frozen archway.
 19555 | IceCv    | Entered an ice cave
 19631 | IceCv    | Found a transporter.
 20208 | D:13     | Found a gate to the Vaults.
 20478 | D:13     | Noticed a storm dragon
 20871 | D:13     | Reached XP level 15. HP: 103/119 MP: 16/27
 20987 | D:13     | Killed a storm dragon
 21964 | D:14     | Found a portal to a secret trove of treasure.
 22268 | D:14     | Noticed a fire giant
 22517 | Orc:1    | Entered Level 1 of the Orcish Mines
 22749 | Orc:2    | Entered Level 2 of the Orcish Mines
 22765 | Orc:2    | Found a staircase to the Elven Halls.
 22844 | Orc:2    | Noticed p0werm0de's ghost (journeyman DsBe)
 22855 | Orc:2    | Slain by an orc warrior

Skill      XL: |  1  2  3  4  5  6  7  8  9 10 11 12 13 14 15 |
---------------+----------------------------------------------+-----
Transmutations | 2 3 4 5 6 7 9 10 11 | 11.2
Unarmed Combat | 3 4 5 6 7 8 9 10 | 10.6
Dodging        | 2 3 4 5 6 7 |  7.7
Fighting       | 2 3 4 5 6 7 9 10 11 | 11.8
Spellcasting   | 3 4 5 6 7 8 |  8.8
Invocations    | 2 4 6 8 9 10 11 | 11.6
Armour         | 3 5 6 |  6.1
Earth Magic    | 3 5 6 8 |  8.9
Stealth        | |  0.2

Action                   |  1- 3 |  4- 6 |  7- 9 | 10-12 | 13-15 || total
-------------------------+-------+-------+-------+-------+-------++-------
Melee: Unarmed           |   143 |    69 |   523 |   634 |   825 ||  2194
       Kick              |    16 |     1 |     1 |       |       ||    18
       Headbutt          |     3 |       |       |       |       ||     3
       Punch             |       |     1 |    16 |    21 |    48 ||    86
       Battleaxe         |       |       |       |       |    10 ||    10
 Cast: Beastly Appendage |    22 |     1 |     1 |       |       ||    24
       Sticks to Snakes  |     4 |       |       |       |       ||     4
       Spider Form       |     3 |     4 |    28 |    11 |       ||    46
       Ice Form          |       |       |       |    11 |     8 ||    19
       Blade Hands       |       |       |       |    37 |    81 ||   118
Invok: Shadow Step       |       |       |       |       |     2 ||     2
       Shadow Form       |       |       |       |       |     2 ||     2
 Abil: End Transformatio |       |       |       |     1 |     8 ||     9
Evoke: Phantom mirror    |       |       |       |     1 |       ||     1
       Wand              |       |       |       |       |     8 ||     8
  Use: Scroll            |     7 |     2 |     3 |    27 |    10 ||    49
       Potion            |     3 |     2 |     5 |     2 |     9 ||    21
 Stab: Sleeping          |       |       |     2 |     5 |     4 ||    11
       Distracted        |       |       |     2 |     5 |     9 ||    16
       Invisible         |       |       |       |       |     1 ||     1
  Eat: Chunk             |     5 |       |    10 |    20 |    28 ||    63
       Bread ration      |       |     1 |       |     2 |       ||     3
       Royal jelly       |       |       |     5 |       |     1 ||     6
       Meat ration       |       |       |       |     3 |     4 ||     7
       Fruit             |       |       |       |     2 |       ||     2
Armor: Robe              |    30 |     8 |    12 |       |       ||    50
       Skin              |     1 |     3 |    30 |    39 |     6 ||    79
       Leather armour    |       |       |    53 |   101 |   234 ||   388
Dodge: Dodged            |    83 |    42 |   433 |   498 |   865 ||  1921
